 Dungeon Sprint DCSS version 0.31-a0-152-g6aa68a64a1 (webtiles) character file.

Game seed: 9416277052700745655

7639 Conn the Scorcher (level 11, -28/61 HPs)
             Began as an Octopode Fire Elementalist on June 10, 2023.
             Was a High Priest of Sif Muna.
             Annihilated by a lorocyproca (39 damage)
             ... in the Dungeon (Sprint I: "Red Sonja").
             The game lasted 00:18:13 (1616 turns).

Conn the Scorcher (Octopode Fire Elementalist)      Turns: 1616, Time: 00:18:14

Health: -28/61     AC:  1    Str:  7    XL:     11   Next: 18%
Magic:  0/28       EV: 15    Int: 22    God:    Sif Muna [*****.]
Gold:   815        SH:  0    Dex: 11    Spells: 19/36 levels left

rFire   . . .        l - staff of conjuration
rCold   . . .        (no shield)
rNeg    . . .        (helmet restricted)
rPois   .            g - amulet of faith
rElec   .            (no ring)
rCorr   .            (no ring)
SInv    .            (no ring)
Will    .....        (no ring)
Stlth   ++++         (no ring)
HPRegen 0.30/turn    (no ring)
MPRegen 0.21/turn    (no ring)
                     (no ring)

%: no teleportation, faith
@: unable to read, unable to drink
A: almost no armour, amphibious, 8 rings, camouflage 1, gelatinous body 1,
(nimble swimmer 1), tentacles, clumsy 1, subdued magic 2, inability to drink
after injury 1, inability to read after injury 2
a: Renounce Religion, Channel Magic, Forget Spell, Divine Exegesis


You were in the Dungeon.
You worshipped Sif Muna.
Sif Muna was extremely pleased with you.
You visited 1 branch You collected 1029 gold pieces.
You spent 214 gold pieces at shops.

Inventory:

Hand Weapons
 j - a +0 dagger of venom
Missiles
 k - 2 curare-tipped darts (quivered)
Magical Staves
 l - a staff of conjuration (weapon)
Jewellery
 g - an amulet of faith (around mantle)
Wands
 e - a wand of paralysis (15)
 i - a wand of flame (22)
Scrolls
 d - a scroll of enchant armour
 f - a scroll of blinking
 h - a scroll of identify
Potions
 a - 2 potions of magic
 b - 3 potions of curing


   Skills:
 + Level 0.1 Fighting
 + Level 2.0 Throwing
 + Level 6.3 Dodging
 - Level 7.4 Stealth
 + Level 13.2 Spellcasting
 * Level 10.7 Conjurations
 - Level 4.6 Hexes
 + Level 16.5 Fire Magic
 + Level 0.3 Air Magic
 * Level 8.2 Invocations


You had 19 spell levels left.
You knew the following spells:

 Your Spells              Type           Power      Damage    Failure   Level
a - Foxfire               Conj/Fire      100%       2x1d9     0%          1
b - Scorch                Fire           100%       2d9       0%          2
c - Inner Flame           Hex/Fire       38%        N/A       1%          3
d - Flame Wave            Conj/Fire      63%        2d15      1%          4
e - Searing Ray           Conj           100%       2d8       1%          2
f - Mephitic Cloud        Conj/Pois/Air  28%        N/A       1%          3
g - Call Imp              Summ           18%        N/A       4%          2

Your spell library contained the following spells:

 Spells                   Type           Power      Damage    Failure   Level
 Magic Dart               Conj           100%       1d8       0%          1
 Confusing Touch          Hex            21%        N/A       1%          3
 Dazzling Flash           Conj/Hex       90%        N/A       1%          3
 Volatile Blastmotes      Fire/Tloc      62%        2d15      1%          3
 Conjure Ball Lightning   Conj/Air       18%        3x3d6     47%         6
 Fire Storm               Conj/Fire      31%        8d8       100%        9


Dungeon Overview and Level Annotations

Branches:
Dungeon (1/1)

Altars:
Cheibriados
Dithmenos
Elyvilon
Fedhas
Gozag
Hepliaklqana
Kikubaaqudgha
Makhleb
Nemelex Xobeh
Okawaru
Qazlal
Ru
Sif Muna
Trog
Uskayaw
Vehumet
Wu Jian
Xom
Yredelemnul
Zin
The Shining One
Jiyva
Lugonu

Shops:
D [*(**:[


Innate Abilities, Weirdness & Mutations

You cannot wear most types of armour.
You are amphibious.
You can wear up to eight rings at the same time.
Your skin changes colour to match your surroundings (Stealth+).
Your rubbery body absorbs attacks. (AC +1, EV +1)
((You are camouflaged when in or above water. (Stealth+)))
You have tentacles for arms and can constrict up to eight enemies at once.
You are clumsy. (Dex -2)
Your spells are easier to cast, but less powerful.
You occasionally lose the ability to drink potions when taking damage.
You sometimes lose the ability to read scrolls when taking damage.


Message History

Sif Muna accepts your kill.
The flame wave engulfs something.
You finish channelling waves of flame.
Unknown command.
Unknown command.
Casting: Flame Wave (safe; 1% risk of failure)
Confirm with . or Enter, or press ? or * to list all spells.
Casting: Flame Wave (safe; 1% risk of failure)
Press: ? - help, Dir - look around, f - activate You feel a surge of power!
A wave of flame ripples out!
The flame wave engulfs something. (Press . to intensify the flame waves.)
Something hits you!!
You feel threatened and lose the ability to read scrolls!
Ouch! That really hurt!
You feel your power leaking away.
Deactivating autopickup; reactivate with Ctrl-A.
Unknown command.
Unknown command.
You cannot read scrolls in your current state!
Unknown command.
Unknown command.
Unknown command.
Unknown command.
You feel much better. Something hits you!!
Ouch! That really hurt!
* * * LOW HITPOINT WARNING * * *
You feel your power leaking away.
You cannot read scrolls in your current state!
Okay, then.
Unknown command.
Unknown command.
Unknown command.
Unknown command.
Unknown command.
Aiming: Paralyse
Press: ? - help, Shift-Dir - straight line Nothing appears to happen.
The redback misses you. Something hits you!!!
You feel threatened and lose the ability to drink potions!
Ouch! That really hurt!
You die...

.#).'..#__#..'.s.#
.'..#..'..+..#
'#####s#__####
.#...#.####.§####
##..##.#~~§§.#..#
_##'#_.+~§~..§..#
..'..._#~)§§§#§.#
_##_.#'##§#####{###
_###+#.#..§[###.@$#
####)####'###.###s#
..'...'.....'[∩# .#
###...########## $#
####.### §#
.#.#'#.# §#
.#.....# .#
.#..(..# §#
.#######


You could see a redback.

Vanquished Creatures
  2 centaur warriors (D)
  Sonja (D)
  A deep troll (D)
  8 shining eyes (D)
  An oklob plant (D)
  2 kobold demonologists (D)
  A hornet (D)
  Sigmund (D)
  A slime creature (D)
  A yak (D)
  A redback (D)
  5 floating eyes (D)
  An ogre (D)
  A jelly (D)
  Ijyb (D)
  2 ballistomycete spores (D)
30 creatures vanquished.

Vanquished Creatures (others)
  37 foxfires (D)
37 creatures vanquished.

Grand Total: 67 creatures vanquished

Notes
Turn   | Place    | Note
-------+----------+-------------------------------------------
     0 | D        | Conn the Octopode Fire Elementalist began the quest for the
                  | Orb.
     0 | D        | Reached XP level 1. HP: 11/11 MP: 3/3
     1 | D        | Noticed Ijyb
     2 | D        | Paralysed by Ijyb for 5 turns
    12 | D        | Killed Ijyb
    13 | D        | Reached skill level 5 in Fire Magic
    13 | D        | Reached XP level 2. HP: 16/17 MP: 4/6
    13 | D        | Reached XP level 3. HP: 20/21 MP: 4/7
    39 | D        | Learned a level 2 spell: Scorch
    43 | D        | Learned a level 3 spell: Inner Flame
    65 | D        | Noticed an ogre
    78 | D        | Killed an ogre
    79 | D        | Reached skill level 7 in Fire Magic
    79 | D        | Reached XP level 4. HP: 27/27 MP: 2/10
    89 | D        | Noticed Sigmund
   189 | D        | Learned a level 4 spell: Flame Wave
   195 | D        | Killed Sigmund
   196 | D        | Reached skill level 5 in Dodging
   196 | D        | Reached skill level 5 in Stealth
   196 | D        | Reached skill level 9 in Fire Magic
   196 | D        | Reached XP level 5. HP: 31/31 MP: 3/13
   196 | D        | Reached XP level 6. HP: 36/36 MP: 3/15
   292 | D        | Found a shimmering blue altar of Sif Muna.
   293 | D        | Found an ornate altar of the Wu Jian Council.
   296 | D        | Found a radiant altar of Vehumet.
   302 | D        | Became a worshipper of Sif Muna the Loreminder
   336 | D        | Found Ifecky's General Store.
   336 | D        | Found an ancient bone altar of Kikubaaqudgha.
   336 | D        | Found a hazy altar of Hepliaklqana.
   336 | D        | Found a stormy altar of Qazlal.
   336 | D        | Found a hide-covered altar of Uskayaw.
   336 | D        | Found a blossoming altar of Fedhas.
   336 | D        | Found a bloodstained altar of Trog.
   336 | D        | Found an iron altar of Okawaru.
   336 | D        | Found a basalt altar of Yredelemnul.
   336 | D        | Found a glowing golden altar of the Shining One.
   336 | D        | Found a snail-covered altar of Cheibriados.
   336 | D        | Found a sacrificial altar of Ru.
   336 | D        | Found a glowing silver altar of Zin.
   336 | D        | Found a shadowy altar of Dithmenos.
   336 | D        | Found a white marble altar of Elyvilon.
   336 | D        | Noticed a yak
   343 | D        | Killed a yak
   344 | D        | Reached skill level 10 in Fire Magic
   344 | D        | Reached XP level 7. HP: 41/41 MP: 7/17
   346 | D        | Found an opulent altar of Gozag.
   347 | D        | Found a sparkling altar of Nemelex Xobeh.
   407 | D        | Noticed Sonja
   409 | D        | Killed Sonja
   409 | D        | Reached * piety under Sif Muna
   410 | D        | Reached skill level 5 in Conjurations
   410 | D        | Reached skill level 1 in Hexes
   410 | D        | Reached skill level 12 in Fire Magic
   410 | D        | Reached XP level 8. HP: 46/46 MP: 15/20
   430 | D        | Found Araphaip's Antique Armour Boutique.
   494 | D        | Noticed a deep troll
   505 | D        | Killed a deep troll
   506 | D        | Reached skill level 1 in Throwing
   506 | D        | Reached skill level 13 in Fire Magic
   518 | D        | Found Qehien's Armour Emporium.
   575 | D        | Found a burning altar of Makhleb.
   575 | D        | Found a viscous altar of Jiyva.
   575 | D        | Found a shimmering altar of Xom.
   575 | D        | Found a corrupted altar of Lugonu.
   575 | D        | Noticed a slime creature
   580 | D        | Killed a slime creature
   581 | D        | Reached XP level 9. HP: 37/51 MP: 14/22
   644 | D        | Noticed a kobold demonologist
   647 | D        | Noticed a kobold demonologist
   649 | D        | Reached ** piety under Sif Muna
   650 | D        | Noticed a sixfirhy
   654 | D        | Noticed a soul eater
   657 | D        | Killed a kobold demonologist
   659 | D        | Noticed a demonic crawler
   810 | D        | Noticed a shining eye
   810 | D        | Noticed a shining eye
   810 | D        | Noticed a shining eye
   819 | D        | Noticed a shining eye
   822 | D        | Paralysed by a floating eye for 4 turns
   828 | D        | Paralysed by a floating eye for 2 turns
   832 | D        | Paralysed by a floating eye for 4 turns
   832 | D        | Noticed a shining eye
   838 | D        | Paralysed by a floating eye for 2 turns
   844 | D        | Paralysed by a floating eye for 2 turns
   849 | D        | Paralysed by a floating eye for 4 turns
   855 | D        | Paralysed by a floating eye for 3 turns
   861 | D        | Paralysed by a floating eye for 2 turns
   868 | D        | Paralysed by a floating eye for 4 turns
   878 | D        | Paralysed by a floating eye for 3 turns
   884 | D        | Paralysed by a floating eye for 2 turns
   888 | D        | Killed a shining eye
   888 | D        | Reached *** piety under Sif Muna
   889 | D        | Reached skill level 10 in Spellcasting
   889 | D        | Reached skill level 14 in Fire Magic
   889 | D        | Killed a shining eye
   894 | D        | Killed a shining eye
   894 | D        | Reached **** piety under Sif Muna
   894 | D        | Paralysed by a floating eye for 2 turns
   895 | D        | Reached XP level 10. HP: 56/56 MP: 23/25
   896 | D        | Gained mutation: You occasionally lose the ability to read
                  | scrolls when taking damage. [a shining eye]
   896 | D        | Noticed a shining eye
   897 | D        | Gained mutation: Your spells are a little easier to cast,
                  | but a little less powerful. [a shining eye]
   898 | D        | Killed a shining eye
   898 | D        | Killed a shining eye
   898 | D        | Noticed a shining eye
   899 | D        | Reached skill level 15 in Fire Magic
   899 | D        | Reached skill level 5 in Invocations
   899 | D        | Noticed a shining eye
   900 | D        | Gained mutation: You are clumsy. (Dex -2) [a shining eye]
   966 | D        | Killed a kobold demonologist
   966 | D        | Reached ***** piety under Sif Muna
  1031 | D        | Noticed a demonic crawler
  1040 | D        | Paralysed by a floating eye for 2 turns
  1049 | D        | Paralysed by a floating eye for 3 turns
  1056 | D        | Gained mutation: You occasionally lose the ability to drink
                  | potions when taking damage. [a shining eye]
  1059 | D        | Gained mutation: Your spells are easier to cast, but less
                  | powerful. [a shining eye]
  1061 | D        | Killed a shining eye
  1061 | D        | Killed a shining eye
  1061 | D        | Received a gift from Sif Muna
  1062 | D        | Reached skill level 10 in Conjurations
  1062 | D        | Got Sif Muna's Meditations on Energy and Bad Luck {god
                  | gift}
  1068 | D        | Learned a level 2 spell: Searing Ray
  1139 | D        | Gained mutation: You sometimes lose the ability to read
                  | scrolls when taking damage. [a shining eye]
  1154 | D        | Killed a shining eye
  1169 | D        | Found Ysail's Assorted Antiques.
  1169 | D        | Found Laorib's Assorted Antiques.
  1169 | D        | Found Qaurogu's Book Boutique.
  1169 | D        | Found Seina's Antique Weapon Emporium.
  1175 | D        | Bought a fuming puce potion for 18 gold pieces
  1188 | D        | Bought a fizzy coppery potion for 16 gold pieces
  1206 | D        | Bought a book of Minor Magic for 180 gold pieces
  1211 | D        | Learned a level 3 spell: Mephitic Cloud
  1214 | D        | Learned a level 2 spell: Call Imp
  1255 | D        | Noticed a centaur warrior
  1255 | D        | Noticed a centaur warrior
  1263 | D        | Killed a centaur warrior
  1263 | D        | Killed a centaur warrior
  1264 | D        | Reached skill level 16 in Fire Magic
  1264 | D        | Reached XP level 11. HP: 9/61 MP: 17/28
  1560 | D        | Noticed an oklob plant
  1564 | D        | Killed an oklob plant
  1616 | D        | Annihilated by a lorocyproca

Illustrated notes

Levels and vault maps discovered:
D:        dungeon_sprint_1 [red_sonja_temple_1, red_sonja_temple_small_1]

Skill      XL: |  1  2  3  4  5  6  7  8  9 10 11 |
---------------+----------------------------------+-----
Stealth        | 3 4 5 6 7 |  7.4
Spellcasting   | 3 4 6 8 9 11 13 | 13.2
Fire Magic     | 5 7 9 10 12 13 14 16 | 16.5
Dodging        | 4 5 6 |  6.3
Conjurations   | 3 5 7 8 10 | 10.7
Hexes          | 1 4 |  4.6
Throwing       | 1 2 |  2.0
Invocations    | 4 7 8 |  8.2
Fighting       | |  0.1
Air Magic      | |  0.3

Action                     |  1- 3 |  4- 6 |  7- 9 | 10-12 || total
---------------------------+-------+-------+-------+-------++-------
  Melee: Unarmed           |     6 |       |       |       ||     6
         Tentacles         |     2 |       |       |       ||     2
         Constrict         |     1 |       |       |       ||     1
  Throw: Dart              |       |       |     5 |       ||     5
   Cast: Scorch            |     2 |     6 |    12 |    14 ||    34
         Foxfire           |     1 |     3 |     5 |    16 ||    25
         Inner Flame       |       |     1 |    21 |     9 ||    31
         Flame Wave        |       |       |     3 |     3 ||     6
         Mephitic Cloud    |       |       |       |     3 ||     3
         Searing Ray       |       |       |       |     1 ||     1
 Invoke: Channel Magic     |       |       |     2 |       ||     2
  Evoke: Wand              |       |       |     1 |     1 ||     2
    Use: Potion            |     2 |       |     1 |     3 ||     6
         Scroll            |       |       |     2 |     1 ||     3
 Armour: Skin              |     1 |       |       |       ||     1
  Dodge: Dodged            |       |       |       |     3 ||     3

Table legend: (Time is in decaauts)
 A = Elapsed time spent in this place.
 B = Non-inter-level travel time spent in this place.
 C = Inter-level travel time spent in this place.
 D = Time resting spent in this place.
 E = Time spent auto-exploring this place.
 F = Levels seen in this place.
 G = Mean time per level.
                   A        B        C        D        E       F      G
               +--------+--------+--------+--------+--------+-----+--------+
         Total |   1607 |   1607 |      0 |    869 |      0 |   1 | 1607.0 |
       Dungeon |   1607 |   1607 |      0 |    869 |      0 |   1 | 1607.0 |
               +--------+--------+--------+--------+--------+-----+--------+

Top non-repeatable levels by time:
       D: 1607 daAuts
